 Dungeon Crawl Stone Soup version 0.30-a0-335-ge5acde7520 (webtiles) character file.

Game seed: 878461448848761850

71505 billz999 the Skirmisher (level 15, -9/130 HPs)
             Began as a Gnoll Hunter on Oct 30, 2022.
             Was an Initiate of Gozag.
             Mangled by a tentacled starspawn (10 damage)
             ... on level 3 of the Abyss on Oct 31, 2022.
             The game lasted 01:08:38 (26606 turns).

billz999 the Skirmisher (Gnoll Hunter)             Turns: 26606, Time: 01:08:39

Health: -9/130     AC: 21    Str: 22 (23) XL:     15   Next: 36%
Magic:  16/29      EV: 21    Int:  7 (8)  God:    Gozag
Gold:   1591       SH:  0    Dex: 27      Spells: 16/34 levels left

rFire   . . .      SeeInvis +    U - +2 broad axe (vamp)
rCold   . . .      Faith    .    (no shield)
rNeg    . . .      Spirit   .    L - +4 ring mail of Kaxaurchui {rCorr Dex+4 SInv}
rPois   .          Reflect  .    Y - +2 helmet {SInv}
rElec   .          Harm     .    W - +2 cloak of the Thief {*Fog Slay-2 SInv Stlth+}
rCorr   +          Rampage  .    n - +0 pair of gloves
Will    +....                    (no boots)
Stlth   ++++++....               s - amulet of the acrobat
HPRegen 0.41/turn                H - +6 ring of strength
MPRegen 0.21/turn                x - +6 ring of strength

@: gold aura, studying Conjurations
A: fangs 1, strong nose, distributed training, iridescent scales 1,
deterioration 1, robust 1
a: Renounce Religion, Potion Petition, Call Merchant, Bribe Branch


You were on level 3 of the Abyss.
You worshipped Gozag.
Gozag was most pleased with you.
You visited 4 branches of the dungeon, and saw 22 of its levels.
You visited the Abyss 1 time.
You also visited: Volcano.

You collected 6256 gold pieces.
You spent 4532 gold pieces at shops.
You paid 133 gold pieces to Gozag.

Inventory:

Hand Weapons
 a - a +4 vorpal arbalest
 b - the +7 Singing Sword {vorpal, sonic wave}
   (You bought it in a shop on level 2 of the Orcish Mines)

   It inflicts extra damage upon your enemies.
   It radiates damaging sonic waves as it strikes, especially in combat
   involving dangerous or numerous foes.
 v - the +7 rapier of Diekh {antimagic, rC++ SInv}
   (You found it on level 5 of the Lair of Beasts)

   It reduces the magical energy of the wielder, and disrupts the spells and
   magical abilities of those it strikes.
   Natural abilities and divine invocations are not affected.
   rC:        It greatly protects you from cold.
   SInv:      It lets you see invisible.
 S - the +11 hand axe of the Hierophant {drain, rPois}
   (You bought it in a shop on level 2 of the Orcish Mines)

   A truly terrible weapon, it drains the life of any living foe it strikes.
   rPois:     It protects you from poison.
 U - a +2 vampiric broad axe (weapon)
 V - the +5 whip "Goblinbane" {freeze, rPois rF+ rN+++ Will-}
   (You found it on level 8 of the Dungeon)

   It freezes those it strikes, dealing additional cold damage.
   It can also slow down cold-blooded creatures.
   rF:        It protects you from fire.
   rPois:     It protects you from poison.
   rN:        It renders you almost immune to negative energy.
   Will:      It decreases your willpower.
Missiles
 K - 4 throwing nets
Armour
 n - a +0 pair of gloves (worn)
 L - the +4 ring mail of Kaxaurchui (worn) {rCorr Dex+4 SInv}
   (You found it on level 7 of the Dungeon)

   Dex:       It affects your dexterity (+4).
   SInv:      It lets you see invisible.
   rCorr:     It protects you from acid and corrosion.
 N - +0 fire dragon scales
 P - a +2 pair of boots of stealth
 W - the +2 cloak of the Thief (worn) {*Fog Slay-2 SInv Stlth+}
   (You bought it in a shop on level 10 of the Dungeon)

   It may release a thick cloud of smoke when the wearer is hurt.
   Slay:      It affects your accuracy & damage with ranged weapons and melee
   (-2).
   SInv:      It lets you see invisible.
   Stlth:     It makes you more stealthy.
 Y - a +2 helmet of see invisible (worn)
Jewellery
 g - a ring of see invisible
 s - an amulet of the acrobat (around neck)
 t - an amulet of guardian spirit
 w - a ring of resist corrosion
 x - a +6 ring of strength (right hand)
 H - a +6 ring of strength (left hand)
 O - a ring of protection from cold
 Q - a ring of poison resistance
Wands
 F - a wand of flame (8)
 T - a wand of mindburst (8)
Scrolls
 d - 12 scrolls of teleportation
 h - 5 scrolls of butterflies
 k - 2 scrolls of silence
 m - a scroll of summoning
 q - 4 scrolls of amnesia
 r - 6 scrolls of fear
 y - 5 scrolls of immolation
 C - a scroll of brand weapon
 I - 6 scrolls of enchant armour
 J - a scroll of blinking
 M - a scroll of magic mapping
Potions
 c - 4 potions of cancellation
 e - 2 potions of invisibility {unknown}
 f - a potion of degeneration
 i - 3 potions of lignification
 j - 2 potions of ambrosia
 l - 2 potions of berserk rage
 o - 4 potions of haste
 u - 2 potions of heal wounds
 z - 7 potions of curing
 A - 5 potions of attraction
 B - 5 potions of brilliance {unknown}
 G - 5 potions of mutation
 R - 4 potions of might {unknown}
 X - a potion of magic {unknown}
 Z - a potion of flight {unknown}
Miscellaneous
 p - a box of beasts


   Skills:
 + Level 11.3 Fighting
 + Level 10.4 Short Blades
 + Level 10.4 Long Blades
 + Level 10.4 Axes
 + Level 10.4 Maces & Flails
 + Level 10.4 Polearms
 + Level 10.4 Staves
 + Level 13.2 Ranged Weapons
 + Level 10.4 Throwing
 + Level 10.4 Armour
 + Level 11.3 Dodging
 + Level 10.7 Stealth
 + Level 10.4 Shields
 + Level 10.4 Unarmed Combat
 + Level 10.4 Spellcasting
 + Level 11.9 Conjurations
 + Level 8.7 Hexes
 + Level 8.7 Summonings
 + Level 8.7 Necromancy
 + Level 8.7 Translocations
 + Level 8.7 Transmutations
 + Level 8.7 Fire Magic
 + Level 8.7 Ice Magic
 + Level 8.7 Air Magic
 + Level 8.7 Earth Magic
 + Level 8.7 Poison Magic
 + Level 11.3 Invocations
 + Level 10.4 Evocations


You had 16 spell levels left.
You knew the following spells:

 Your Spells              Type           Power      Damage    Failure   Level
a - Petrify               Tmut/Erth      15%        N/A       6%          4
b - Borgnjor's Vile Clut  Necr/Erth      7%         N/A       19%         5
c - Irradiate             Conj/Tmut      9%         3d14      10%         5
d - Cause Fear            Hex            7%         N/A       6%          4

Your spell library contained the following spells:

 Spells                   Type           Power      Damage    Failure   Level
 Apportation              Tloc           30%        N/A       1%          1
 Necrotise                Necr           60%        1d7       1%          1
 Sandblast                Erth           30%        2d9       1%          1
 Summon Small Mammal      Summ           60%        N/A       1%          1
 Passwall                 Tmut/Erth      12%        N/A       1%          2
 Sublimation of Blood     Necr           15%        N/A       1%          2
 Wereblood                Tmut           15%        N/A       1%          2
 Gell's Gravitas          Tloc           15%        N/A       1%          3
 Inner Flame              Hex/Fire       15%        N/A       1%          3
 Stone Arrow              Conj/Erth      36%        3d9       1%          3
 Teleport Other           Tloc           15%        N/A       1%          3
 Tukima's Dance           Hex            15%        N/A       1%          3
 Flame Wave               Conj/Fire      18%        2d7       3%          4
 Sticky Flame             Conj/Fire      18%        2d4       3%          4
 Passage of Golubria      Tloc           15%        N/A       6%          4
 Alistair's Intoxication  Tmut/Pois      10%        N/A       19%         5
 Yara's Violent Unravell  Hex/Tmut       7%         3d5       19%         5
 Dispersal                Tloc           7%         N/A       69%         6
 Eringya's Noxious Bog    Tmut/Pois      7%         N/A       69%         6
 Enfeeble                 Hex            7%         N/A       99%         7
 Summon Hydra             Summ           7%         N/A       99%         7
 Discord                  Hex            7%         N/A       100%        8


Dungeon Overview and Level Annotations

Branches:
Dungeon (14/15)            Temple (1/1) D:6            Lair (5/5) D:11
  Swamp (0/4) Lair:3       Spider (0/4) Lair:2        Slime (0/5) Lair:5
    Orc (2/2) D:10            Elf (0/3) Orc:2       Volcano (visited)
 Vaults: D:13-14

Altars:
Ashenzari
Cheibriados
Dithmenos
Elyvilon
Fedhas
Gozag
Hepliaklqana
Kikubaaqudgha
Makhleb
Nemelex Xobeh
Okawaru
Qazlal
Ru
Sif Muna
Trog
Uskayaw
Vehumet
Wu Jian
Xom
Yredelemnul
Zin
The Shining One
Jiyva

Shops:
D:8 [   D:10 [   Orc:2 ?([(**

Annotations:
D:13 3 runed translucent doors, greynaab's ghost, journeyman OpBe


Innate Abilities, Weirdness & Mutations

You have very sharp teeth.
Your uncanny sense of smell can sniff out nearby items.
Your experience applies equally to all skills.
You are partially covered in iridescent scales. (AC +2)
Your body sometimes deteriorates upon taking damage.
You are robust. (+10% HP)


Message History

You feel a sense of dread.
U - a +2 vampiric broad axe (weapon)
You barely miss the tentacled starspawn.
You punch the tentacled starspawn!
You bite the tentacled starspawn, but do no damage.
The tentacled starspawn is lightly damaged.
The tentacled starspawn bites you but does no damage.
The tentacled starspawn tentacle-slaps you but does no damage.
You slash the tentacled starspawn!
You bite the tentacled starspawn, but do no damage.
The tentacled starspawn is moderately damaged.
The tentacled starspawn completely misses you.
The tentacled starspawn tentacle-slaps you!
You barely miss the tentacled starspawn.
You punch the tentacled starspawn.
The tentacled starspawn is moderately damaged.
The tentacled starspawn misses you.
The tentacled starspawn tentacle-slaps you but does no damage.
You hit the tentacled starspawn but do no damage.
The tentacled starspawn is moderately damaged.
The tentacled starspawn bites you!
The tentacled starspawn tentacle-slaps you.
* * * LOW HITPOINT WARNING * * *
You slash the tentacled starspawn!
The tentacled starspawn is heavily damaged.
The tentacled starspawn is distracted by your dazzling golden aura.
You slice the tentacled starspawn!!
The tentacled starspawn is no longer distracted by gold.
The tentacled starspawn is severely damaged.
The tentacled starspawn barely misses you.
The tentacled starspawn tentacle-slaps you!
* * * LOW HITPOINT WARNING * * *
You slice the tentacled starspawn!!
The tentacled starspawn is almost destroyed.
The tentacled starspawn bites you!!
* * * LOW HITPOINT WARNING * * *
With a swish of your cloak, you release a cloud of fog.
The tentacled starspawn tentacle-slaps you!
You die...
Your body crumbles into a pile of gold.

. #. .#
.∆.. . .
. #. #~
≈ ∆ ~
~~~ .. .
. ~~. ~~
.
~≈≈~#..
#
#~~~§###
# #~§§@#
##§X##
###∆ . .
∆ . . .
. . ..
.. .# .
. . .
∆.. ∆ .
.....


You could see a tentacled starspawn.

Vanquished Creatures
  Saint Roka (Orc:2)
  Rupert (D:12)
  An orc warlord (Orc:2)
  A deep elf elementalist (Abyss:3)
  Nessos (Lair:4)
  A dire elephant (Lair:4)
  A red draconian (Volcano)
  A bunyip (Abyss:3)
  Fannar (Lair:1)
  2 hydras
  An ogre mage (Abyss:3)
  5 centaur warriors (D:13)
  A merfolk avatar (Lair:5)
  2 boulder beetles
  3 two-headed ogres
  2 tengu warriors
  A thrashing horror (Abyss:3)
  An orc high priest (Orc:2)
  A large abomination (Abyss:3)
  A deep troll (Volcano)
  A glowing orange brain (D:14)
  2 sea snakes (Lair:5)
  Pikel (D:6)
  An orc knight (Orc:2)
  3 lindwurms (Lair:4)
  A deep elf pyromancer (D:13)
  4 ugly things
  2 orc sorcerers (Orc:1)
  5 manticores
  5 cyclopes
  A shining eye (shapeshifter) (D:13)
  3 elephants (Lair:5)
  Maurice (Orc:1)
  2 torpor snails
  A smoke demon (Abyss:3)
  A black mamba (Lair:5)
  7 cane toads
  2 gargoyles
  2 yaktaurs (Volcano)
  An unseen horror (D:12)
  A rime drake (Lair:5)
  11 komodo dragons
  3 tengu conjurers (D:13)
  4 polar bears
  3 trolls
  A meliai (Lair:2)
  5 hornets
  9 blink frogs
  A raiju (Abyss:3)
  3 slime creatures
  Sigmund (D:2)
  10 wyverns
  A water elemental (D:14)
  2 shadows
  2 wraiths
  15 humans (D:14)
  2 fire bats (Abyss:3)
  39 yaks
  5 basilisks
  4 steam dragons
  4 vampire mosquitoes
  2 chaos spawn (Abyss:3)
  2 neqoxecs (Abyss:3)
  A warg (Orc:2)
  Edmund (D:5)
  2 acid dragons
  21 water moccasins
  36 orc warriors
  An ice beast (shapeshifter) (D:14)
  An ice beast (D:7)
  2 black bears
  Duvessa (D:6)
  3 ogres
  4 sky beasts
  11 centaurs
  8 wolves (Lair:1)
  4 phantoms
  3 kobold brigands
  15 bullfrogs
  2 gnoll sergeants
  A necrophage (D:6)
  2 scorpions (D:5)
  9 wights
  Dowan (D:6)
  7 killer bees (Lair:2)
  3 electric eels (Lair:3)
  4 howler monkeys
  2 vampire bats (Lair:1)
  2 hounds
  24 orc priests
  2 iguanas (D:5)
  Ijyb (D:4)
  Natasha (twice) (D:2)
  32 orc wizards
  5 hell rats (Lair:2)
  12 gnolls
  4 adders
  2 ufetubi
  3 dart slugs
  103 orcs
  6 ball pythons
  7 endoplasms
  2 giant cockroaches
  16 goblins
  6 hobgoblins
  12 jackals
  17 kobolds
  6 quokkas
  9 bats
  2 frilled lizards
  7 rats
632 creatures vanquished.

Vanquished Creatures (others)
  2 orcs
  22 fungi
  40 plants
64 creatures vanquished.

Grand Total: 696 creatures vanquished

Notes
Turn   | Place    | Note
-------+----------+-------------------------------------------
     0 | D:1      | billz999 the Gnoll Hunter began the quest for the Orb.
     0 | D:1      | Reached XP level 1. HP: 20/20 MP: 1/1
    40 | D:1      | Reached XP level 2. HP: 26/26 MP: 2/2
   261 | D:1      | Reached XP level 3. HP: 28/31 MP: 3/3
   387 | D:1      | Reached skill level 1 in Invocations
   534 | D:2      | Noticed Sigmund
   537 | D:2      | Gained mutation: Your body sometimes deteriorates upon
                  | taking damage. [potion of mutation]
   537 | D:2      | Gained mutation: You are partially covered in iridescent
                  | scales. (AC +2) [potion of mutation]
   537 | D:2      | Gained mutation: You are robust. (+10% HP) [potion of
                  | mutation]
   790 | D:2      | Reached skill level 1 in Short Blades
   790 | D:2      | Reached skill level 1 in Long Blades
   790 | D:2      | Reached skill level 1 in Axes
   790 | D:2      | Reached skill level 1 in Maces & Flails
   790 | D:2      | Reached skill level 1 in Polearms
   790 | D:2      | Reached skill level 1 in Staves
   790 | D:2      | Reached skill level 1 in Throwing
   790 | D:2      | Reached skill level 1 in Armour
   790 | D:2      | Reached skill level 1 in Shields
   790 | D:2      | Reached skill level 1 in Unarmed Combat
   790 | D:2      | Reached skill level 1 in Spellcasting
   790 | D:2      | Reached skill level 1 in Evocations
   871 | D:2      | Reached XP level 4. HP: 40/41 MP: 5/5
   878 | D:2      | Noticed Natasha
   881 | D:2      | Killed Natasha
   882 | D:2      | Reached skill level 1 in Conjurations
   882 | D:2      | Reached skill level 1 in Hexes
   882 | D:2      | Reached skill level 1 in Summonings
   882 | D:2      | Reached skill level 1 in Necromancy
   882 | D:2      | Reached skill level 1 in Translocations
   882 | D:2      | Reached skill level 1 in Transmutations
   882 | D:2      | Reached skill level 1 in Fire Magic
   882 | D:2      | Reached skill level 1 in Ice Magic
   882 | D:2      | Reached skill level 1 in Air Magic
   882 | D:2      | Reached skill level 1 in Earth Magic
   882 | D:2      | Reached skill level 1 in Poison Magic
  1080 | D:2      | Killed Sigmund
  1081 | D:2      | Reached skill level 5 in Fighting
  1081 | D:2      | Reached skill level 5 in Dodging
  1081 | D:2      | Reached XP level 5. HP: 46/48 MP: 5/7
  1081 | D:2      | Reached XP level 6. HP: 53/56 MP: 5/8
  1265 | D:2      | Noticed Natasha
  1270 | D:2      | Killed Natasha
  1465 | D:2      | Found a faded altar of an unknown god.
  2555 | D:4      | Noticed Ijyb
  2569 | D:4      | Killed Ijyb
  2736 | D:4      | Reached XP level 7. HP: 56/61 MP: 10/10
  3285 | D:5      | Entered Level 5 of the Dungeon
  3333 | D:5      | Reached skill level 9 in Ranged Weapons
  3460 | D:5      | Noticed Edmund
  3466 | D:5      | Killed Edmund
  3496 | D:5      | Reached XP level 8. HP: 40/69 MP: 12/12
  3937 | D:5      | Noticed a troll
  3945 | D:5      | Killed a troll
  4641 | D:6      | Noticed Duvessa
  4641 | D:6      | Noticed Dowan
  4651 | D:6      | Killed Duvessa
  4664 | D:6      | Killed Dowan
  4774 | D:6      | Reached XP level 9. HP: 75/75 MP: 13/15
  4977 | D:6      | Found a staircase to the Ecumenical Temple.
  5016 | Temple   | Entered the Ecumenical Temple
  5157 | Temple   | Became a worshipper of Gozag Ym Sagoz the Greedy
  5213 | D:6      | Reached skill level 5 in Stealth
  5397 | D:6      | Noticed Pikel
  5408 | D:6      | Killed Pikel
  5409 | D:6      | Reached skill level 5 in Invocations
  5855 | D:6      | Reached skill level 5 in Conjurations
  6040 | D:7      | Reached skill level 5 in Short Blades
  6040 | D:7      | Reached skill level 5 in Long Blades
  6040 | D:7      | Reached skill level 5 in Axes
  6040 | D:7      | Reached skill level 5 in Maces & Flails
  6040 | D:7      | Reached skill level 5 in Polearms
  6040 | D:7      | Reached skill level 5 in Staves
  6040 | D:7      | Reached skill level 5 in Throwing
  6040 | D:7      | Reached skill level 5 in Armour
  6040 | D:7      | Reached skill level 5 in Shields
  6040 | D:7      | Reached skill level 5 in Unarmed Combat
  6040 | D:7      | Reached skill level 5 in Spellcasting
  6040 | D:7      | Reached skill level 5 in Evocations
  6040 | D:7      | Reached XP level 10. HP: 83/84 MP: 17/17
  6149 | D:7      | Reached skill level 10 in Ranged Weapons
  6330 | D:7      | Found a glowing silver altar of Zin.
  6334 | D:7      | Found a glowing golden altar of the Shining One.
  6335 | D:7      | Found a white marble altar of Elyvilon.
  7455 | D:7      | Identified the +4 ring mail of Kaxaurchui {rCorr Dex+4
                  | SInv}
  7831 | D:7      | Noticed a cyan ugly thing
  7843 | D:7      | Killed a cyan ugly thing
  7847 | D:7      | Noticed a manticore
  7854 | D:7      | Killed a manticore
  8709 | D:8      | Reached skill level 5 in Hexes
  8709 | D:8      | Reached skill level 5 in Summonings
  8709 | D:8      | Reached skill level 5 in Necromancy
  8709 | D:8      | Reached skill level 5 in Translocations
  8709 | D:8      | Reached skill level 5 in Transmutations
  8709 | D:8      | Reached skill level 5 in Fire Magic
  8709 | D:8      | Reached skill level 5 in Ice Magic
  8709 | D:8      | Reached skill level 5 in Air Magic
  8709 | D:8      | Reached skill level 5 in Earth Magic
  8709 | D:8      | Reached skill level 5 in Poison Magic
  8709 | D:8      | Reached XP level 11. HP: 93/93 MP: 20/20
  8713 | D:8      | Identified the +5 whip "Goblinbane" {freeze, rPois rF+
                  | rN+++ Will-}
  8715 | D:8      | Noticed a red ugly thing
  8736 | D:8      | Killed a red ugly thing
  9331 | D:8      | Found Neane's Armour Shop.
  9802 | D:9      | Noticed a two-headed ogre
  9825 | D:9      | Killed a two-headed ogre
 10965 | D:10     | Entered Level 10 of the Dungeon
 11623 | D:10     | Found a blossoming altar of Fedhas.
 11623 | D:10     | Found a sacrificial altar of Ru.
 11626 | D:10     | Found a shadowy altar of Dithmenos.
 11628 | D:10     | Found an ancient bone altar of Kikubaaqudgha.
 11629 | D:10     | Found a stormy altar of Qazlal.
 11666 | D:10     | Identified the +5 quarterstaff "Ultimatum" {protect, rPois
                  | rC+ Int+2}
 11716 | D:10     | Found a staircase to the Orcish Mines.
 11890 | D:10     | Found Ostrul's Antique Armour Boutique.
 11893 | D:10     | Bought the +2 cloak of the Thief {*Fog Slay-2 SInv Stlth+}
                  | for 522 gold pieces
 11893 | D:10     | Found the +2 cloak of the Thief {*Fog Slay-2 SInv Stlth+}
 12241 | D:11     | Noticed a cyclops
 12248 | D:11     | Killed a cyclops
 12249 | D:11     | Reached skill level 11 in Ranged Weapons
 12310 | D:11     | Noticed a boulder beetle
 12324 | D:11     | Killed a boulder beetle
 12478 | D:11     | Noticed a two-headed ogre
 12490 | D:11     | Killed a two-headed ogre
 12763 | D:11     | Reached XP level 12. HP: 93/103 MP: 22/22
 12837 | D:11     | Noticed a two-headed ogre
 13094 | D:11     | Killed a two-headed ogre
 13164 | D:11     | Found a staircase to the Lair.
 13442 | Lair:1   | Entered Level 1 of the Lair of Beasts
 13448 | Lair:1   | Learned a level 4 spell: Petrify
 13497 | Lair:1   | Noticed Fannar
 13524 | Lair:2   | Found a hole to the Spider Nest.
 13707 | D:12     | Noticed Rupert
 13880 | Lair:1   | Killed Fannar
 14136 | Lair:1   | Found a dark tunnel.
 14175 | Volcano  | Entered a volcano
 14326 | Volcano  | Noticed a red draconian
 14332 | Volcano  | Killed a red draconian
 14420 | Volcano  | Noticed a centaur warrior
 14427 | Volcano  | a centaur warrior changed into a deep troll
 14466 | Volcano  | Identified the +1 leather armour of Parts Unknown {rElec
                  | rN+ Str-5 Int+6}
 15620 | Lair:2   | Found a radiant altar of Vehumet.
 15710 | Lair:2   | Learned a level 5 spell: Borgnjor's Vile Clutch
 16380 | Lair:3   | Reached XP level 13. HP: 99/111 MP: 25/25
 16437 | Lair:3   | Found a staircase to the Swamp.
 17511 | Lair:4   | Noticed Nessos
 17576 | Lair:4   | Killed Nessos
 17986 | Lair:4   | Reached skill level 12 in Ranged Weapons
 18778 | Lair:5   | Entered Level 5 of the Lair of Beasts
 18932 | Lair:5   | Noticed a dire elephant
 18953 | Lair:4   | Killed a dire elephant
 19144 | Lair:5   | Reached skill level 10 in Conjurations
 19216 | Lair:5   | Reached skill level 10 in Fighting
 19216 | Lair:5   | Reached skill level 10 in Dodging
 19759 | Lair:5   | Reached skill level 10 in Invocations
 19759 | Lair:5   | Reached XP level 14. HP: 121/121 MP: 27/27
 20107 | Lair:5   | Identified the +7 rapier of Diekh {antimagic, rC++ SInv}
 20203 | Lair:5   | Found a viscous altar of Jiyva.
 20204 | Lair:5   | Found a staircase to the Slime Pits.
 20521 | Orc:1    | Entered Level 1 of the Orcish Mines
 20755 | Orc:2    | Entered Level 2 of the Orcish Mines
 20755 | Orc:2    | Found a staircase to the Elven Halls.
 20932 | Orc:2    | Found Fustafro's Weapon Shoppe.
 21128 | Orc:2    | Found Umukhl Quugo's Weapon Boutique.
 21253 | Orc:2    | Found Quwka's Specific Store.
 21255 | Orc:2    | Found Voucaf Danoe's General Store.
 21382 | Orc:2    | Noticed an orc warlord
 21393 | Orc:2    | Killed an orc warlord
 21484 | Orc:2    | Noticed Saint Roka
 21499 | Orc:2    | Killed Saint Roka
 22017 | Orc:2    | Found Xaac's Magic Scroll Boutique.
 22481 | Orc:2    | Found Laotaics's Antique Armour Shop.
 22487 | Orc:2    | Found Uhihiov's Antique Weapon Boutique.
 22595 | Orc:2    | Bought a potion of curing for 51 gold pieces
 22689 | Orc:2    | Bought a transparent hand axe for 248 gold pieces
 22689 | Orc:2    | Identified the +11 hand axe of the Hierophant {drain,
                  | rPois} (You bought it in a shop on level 2 of the Orcish
                  | Mines)
 22689 | Orc:2    | Bought the +7 Singing Sword {vorpal, sonic wave} for 3100
                  | gold pieces
 22689 | Orc:2    | Found the +7 Singing Sword {vorpal, sonic wave}
 22695 | Orc:2    | Bought a pair of glowing boots for 150 gold pieces
 23018 | Orc:2    | Bought 3 scrolls of brand weapon for 370 gold pieces
 23053 | Orc:2    | Bought a scroll of fear for 52 gold pieces
 23053 | Orc:2    | Bought a scroll of teleportation for 39 gold pieces
 23101 | Orc:1    | Noticed Maurice
 23104 | Orc:1    | Reached skill level 10 in Stealth
 23174 | Orc:1    | Killed Maurice
 23685 | D:12     | Learned a level 5 spell: Irradiate
 23690 | D:12     | Learned a level 4 spell: Cause Fear
 24101 | D:12     | Killed Rupert
 24843 | D:13     | Found a runed translucent gate.
 24843 | D:13     | Found a runed translucent gate.
 24843 | D:13     | Noticed an azure jelly
 24844 | D:13     | Found a runed translucent gate.
 24844 | D:13     | Noticed an azure jelly
 24844 | D:13     | Noticed an acid blob
 24845 | D:13     | Noticed an acid blob
 24845 | D:13     | Noticed greynaab's ghost (journeyman OpBe)
 24845 | D:13     | Noticed a quicksilver ooze
 24863 | D:13     | Reached skill level 10 in Short Blades
 24863 | D:13     | Reached skill level 10 in Long Blades
 24863 | D:13     | Reached skill level 10 in Axes
 24863 | D:13     | Reached skill level 10 in Maces & Flails
 24863 | D:13     | Reached skill level 10 in Polearms
 24863 | D:13     | Reached skill level 10 in Staves
 24863 | D:13     | Reached skill level 10 in Throwing
 24863 | D:13     | Reached skill level 10 in Armour
 24863 | D:13     | Reached skill level 10 in Shields
 24863 | D:13     | Reached skill level 10 in Unarmed Combat
 24863 | D:13     | Reached skill level 10 in Spellcasting
 24863 | D:13     | Reached skill level 10 in Evocations
 25009 | D:13     | Reached skill level 13 in Ranged Weapons
 25343 | D:13     | Reached XP level 15. HP: 95/125 MP: 16/29
 25768 | D:13     | Noticed an acid blob
 25769 | D:13     | Noticed an acid blob
 25769 | D:13     | Noticed an acid blob
 25769 | D:13     | Noticed an acid blob
 25769 | D:13     | Noticed an acid blob
 25769 | D:13     | Noticed an azure jelly
 25771 | D:13     | Found a viscous altar of Jiyva.
 26414 | Abyss:3  | Cast into level 3 of the Abyss (a wizard)
 26440 | Abyss:3  | Noticed a deep elf elementalist
 26450 | Abyss:3  | Killed a deep elf elementalist
 26598 | Abyss:3  | Noticed a tentacled starspawn
 26606 | Abyss:3  | HP: 1/130 [tentacled starspawn (25)]
 26606 | Abyss:3  | Mangled by a tentacled starspawn

Illustrated notes

Levels and vault maps discovered:
D:1:      psy_arrival_statuary, layout_basic
D:2:      cheibrodos_greedy_goblins, layout_loops_ring,
          shapermc_ecumenical_altar_petra, minmay_parallelograms,
          grunt_decor_fettered, roderic_roman_lattice, chequers_garden,
          uniq_natasha, uniq_sigmund
D:3:      layout_basic, patterned_corridor
D:4:      layout_basic, uniq_ijyb
D:5:      layout_layer_cave, minmay_manual_macuahuitl, uniq_edmund
D:6:      layout_loops_corners, minmay_temple_entry_statues_fountains,
          uniq_pikel, uniq_duvessa
D:7:      layout_cave_pods, good_gods_temple_1, enter_bailey_2, kb_rosetta
D:8:      layout_rooms, serial_shops, kennysheep_little_box
D:9:      layout_stronghold, minmay_misc_feat_x
D:10:     layout_roguey, grunt_temple_overflow_open, david_orc_2, serial_shops,
          kennysheep_mini
D:11:     layout_loops_ring, erik_lair_dragon
D:12:     layout_roguey, dreamdust_wasp_nest, uniq_rupert
D:13:     layout_rooms, gammafunk_ghost_ooze
D:14:     layout_stronghold, grunt_vaults_entry_tiered, minmay_crystal_water
Temple:   nicolae_temple_great_sept
Lair:1:   layout_gridlike, nicolae_volcano_entry_hallway, roderic_batcave,
          hibernation_bobbens, uniq_fannar
Lair:2:   layout_cave_pods, hellmonk_spider_entry_not_the_bees,
          portal_ice_cave_entry_pillars_2, basic_altar, minivault_11
Lair:3:   layout_regular_city, swamp_mist_pool, serial_bayou_shore_a,
          grunt_megastairs_5
Lair:4:   layout_cellular_growth, nicolae_lair_lindhole, grunt_megastairs_1,
          serial_bayou_shore_b, uniq_nessos
Lair:5:   gammafunk_lair_ancient_temple, layout_cave_shapes,
          dpeg_slime_entry_enclosed
Orc:1:    layout_caves, lightli_orcish_oven, uniq_maurice
Orc:2:    grunt_orc_community_town_hall, layout_caves,
          grunt_orc_community_big_house_2, grunt_orc_community_big_house_1,
          grunt_orc_community_house_2, grunt_orc_community_house_3,
          grunt_orc_community_house_2, grunt_orc_community_house_3,
          grunt_orc_community_house_2, serial_shops, nicolae_lakefront_shop,
          nicolae_orc_flooded_monolith, nicolae_specific_store, uniq_saint_roka
Abyss:3:  base: Lair:2, due_evilmike_abyss_rune_seething_liches

Skill      XL: |  1  2  3  4  5  6  7  8  9 10 11 12 13 14 15 |
---------------+----------------------------------------------+-----
Invocations    | 1 2 3 4 5 6 7 8 10 11 | 11.3
Short Blades   | 1 2 3 4 5 6 7 8 9 10 | 10.4
Long Blades    | 1 2 3 4 5 6 7 8 9 10 | 10.4
Axes           | 1 2 3 4 5 6 7 8 9 10 | 10.4
Maces & Flails | 1 2 3 4 5 6 7 8 9 10 | 10.4
Polearms       | 1 2 3 4 5 6 7 8 9 10 | 10.4
Staves         | 1 2 3 4 5 6 7 8 9 10 | 10.4
Throwing       | 1 2 3 4 5 6 7 8 9 10 | 10.4
Armour         | 1 2 3 4 5 6 7 8 9 10 | 10.4
Shields        | 1 2 3 4 5 6 7 8 9 10 | 10.4
Unarmed Combat | 1 2 3 4 5 6 7 8 9 10 | 10.4
Spellcasting   | 1 2 3 4 5 6 7 8 9 10 | 10.4
Evocations     | 1 2 3 4 5 6 7 8 9 10 | 10.4
Conjurations   | 1 2 3 5 6 7 9 10 11 | 11.9
Hexes          | 1 2 3 4 5 6 7 8 |  8.7
Summonings     | 1 2 3 4 5 6 7 8 |  8.7
Necromancy     | 1 2 3 4 5 6 7 8 |  8.7
Translocations | 1 2 3 4 5 6 7 8 |  8.7
Transmutations | 1 2 3 4 5 6 7 8 |  8.7
Fire Magic     | 1 2 3 4 5 6 7 8 |  8.7
Ice Magic      | 1 2 3 4 5 6 7 8 |  8.7
Air Magic      | 1 2 3 4 5 6 7 8 |  8.7
Earth Magic    | 1 2 3 4 5 6 7 8 |  8.7
Poison Magic   | 1 2 3 4 5 6 7 8 |  8.7
Fighting       | 5 6 7 8 9 10 11 | 11.3
Dodging        | 5 6 7 8 9 10 11 | 11.3
Stealth        | 3 4 5 6 7 8 9 10 | 10.7
Ranged Weapons | 9 10 11 12 13 | 13.2

Action                   |  1- 3 |  4- 6 |  7- 9 | 10-12 | 13-15 || total
-------------------------+-------+-------+-------+-------+-------++-------
Melee: Flail             |       |       |    80 |   130 |       ||   210
       Bite              |       |       |    13 |   111 |    94 ||   218
       Punch             |       |       |     2 |    34 |    36 ||    72
       Whip              |       |       |       |   272 |       ||   272
       Quarterstaff      |       |       |       |   247 |   139 ||   386
       Broad axe         |       |       |       |    42 |   285 ||   327
       Dagger            |       |       |       |     2 |       ||     2
       Hand axe          |       |       |       |       |    48 ||    48
       Double sword      |       |       |       |       |    36 ||    36
       Arbalest          |       |       |       |       |     2 ||     2
 Fire: Shortbow          |   106 |   137 |   183 |   184 |       ||   610
       Arbalest          |       |       |       |   101 |   496 ||   597
Throw: Dart              |       |     3 |    27 |       |       ||    30
       Throwing net      |       |       |     1 |       |       ||     1
 Cast: Petrify           |       |       |       |     5 |     5 ||    10
       Borgnjor's Vile C |       |       |       |       |    59 ||    59
Evoke: Wand              |       |       |    12 |    28 |     8 ||    48
       Box of beasts     |       |       |       |       |     1 ||     1
  Use: Potion            |     2 |       |       |     7 |     3 ||    12
       Scroll            |       |       |     5 |     8 |    14 ||    27
 Stab: Distracted        |       |       |     1 |     9 |    11 ||    21
       Sleeping          |       |       |     1 |     3 |     6 ||    10
       Petrified         |       |       |       |     2 |     5 ||     7
       Petrifying        |       |       |       |       |     1 ||     1
Armor: Leather armour    |    11 |     9 |    31 |    21 |       ||    72
       Ring mail         |       |       |       |   179 |   264 ||   443
       Fire dragon scale |       |       |       |    17 |    24 ||    41
Dodge: Dodged            |    24 |    35 |   124 |   624 |   678 ||  1485

Table legend: (Time is in decaauts)
 A = Elapsed time spent in this place.
 B = Non-inter-level travel time spent in this place.
 C = Inter-level travel time spent in this place.
 D = Time resting spent in this place.
 E = Time spent auto-exploring this place.
 F = Levels seen in this place.
 G = Mean time per level.
                   A        B        C        D        E       F      G
               +--------+--------+--------+--------+--------+-----+--------+
         Total |  26885 |  25700 |   1185 |    940 |  20011 |  24 | 1120.2 |
       Dungeon |  16562 |  15793 |    769 |    546 |  12641 |  14 | 1183.0 |
        Temple |    151 |    125 |     26 |      0 |    113 |   1 |  151.0 |
          Lair |   6559 |   6273 |    286 |    106 |   4880 |   5 | 1311.8 |
  Orcish Mines |   3023 |   2920 |    103 |    214 |   2073 |   2 | 1511.5 |
         Abyss |    189 |    189 |      0 |     39 |     32 |   1 |  189.0 |
       Volcano |    399 |    399 |      0 |     33 |    272 |   1 |  399.0 |
               +--------+--------+--------+--------+--------+-----+--------+

Top non-repeatable levels by time:
     D:7: 2619 daAuts
   Orc:2: 2405 daAuts
  Lair:4: 1865 daAuts
    D:11: 1768 daAuts
     D:9: 1415 daAuts
  Lair:5: 1396 daAuts
     D:5: 1300 daAuts
     D:6: 1296 daAuts
    D:13: 1196 daAuts
  Lair:1: 1167 daAuts
  Lair:2: 1167 daAuts
    D:12: 1106 daAuts
    D:10: 1075 daAuts
     D:2: 1037 daAuts
     D:3: 967 daAuts
